 Dungeon Crawl Stone Soup version 0.27.0-1-g7a089689b8 (webtiles) character file.

Game seed: 14171694111275785633

67050 kobby the Unseen (level 14, -1/108 HPs)
             Began as a Vampire Brigand on Aug 13, 2021.
             Was the Champion of Dithmenos.
             Slain by a bog body (8 damage)
             ... on level 1 of the Swamp on Aug 14, 2021.
             The game lasted 01:26:08 (20660 turns).

kobby the Unseen (Vampire Brigand)                 Turns: 20660, Time: 01:26:09

Health: -1/108     AC: 11    Str: 16    XL:     14   Next: 81%
Magic:  23/23      EV: 22    Int: 14    God:    Dithmenos [******]
Gold:   2187       SH:  5    Dex: 24    Spells: 21/25 levels left

rFire    . . .     SeeInvis +   l - +1 short sword (drain)
rCold    + . .     Faith    .   (no shield)
rNeg     . . .     Spirit   .   x - +1 steam dragon scales
rPois    +         Reflect  +   L - +2 helmet
rElec    .         Harm     .   k - scarf {shadows}
rCorr    .         Rampage  .   t - +0 pair of gloves
Will     +....                  (no boots) Stlth *****+++++
                                q - amulet of reflection
HPRegen  0.48/turn              f - ring "Xaalibeu" {Fly rPois Str+6 Dex+4}
MPRegen  0.18/turn              J - +4 ring of slaying

@: flying, healing quickly, slowed, wreathed by umbra, very slow
A: alive, fangs 3, see invisible, vampiric 2, cold resistance 1, poison
resistance
a: Exsanguinate, Renounce Religion, Shadow Step, Shadow Form


You were on level 1 of the Swamp.
You worshipped Dithmenos.
Dithmenos was exalted by your worship.
You visited 6 branches of the dungeon, and saw 25 of its levels.

You collected 2187 gold pieces.

Inventory:

Hand Weapons
 a - a +3 dagger
 l - a +1 short sword of draining (weapon)
 s - a +0 rapier
Missiles
 d - 128 poisoned darts (quivered)
 e - 9 curare-tipped darts
 G - 5 throwing nets
Armour
 b - a +0 robe
 c - a +0 cloak
 k - a scarf of shadows (worn)
 m - a +1 helmet
 t - a +0 pair of gloves (worn)
 v - +0 acid dragon scales
 x - +1 steam dragon scales (worn)
 C - a +0 troll leather armour
 I - the +5 chain mail of Vexation {rC+}
   (You found it on level 14 of the Dungeon)

   rC:        It protects you from cold.
 L - a +2 helmet (worn)
Jewellery
 f - the ring "Xaalibeu" (left hand) {Fly rPois Str+6 Dex+4}
   (You found it on level 4 of the Dungeon)

   [ring of flight]

   Str:       It affects your strength (+6).
   Dex:       It affects your dexterity (+4).
   rPois:     It protects you from poison.
   Fly:       It grants you flight.
 i - a ring of wizardry
 n - an amulet of the acrobat
 q - an amulet of reflection (around neck)
 w - an amulet of faith
 y - an amulet of guardian spirit
 A - a ring of protection from cold
 F - a ring of protection from cold
 J - a +4 ring of slaying (right hand)
Wands
 o - a wand of polymorph (27)
 u - a wand of digging (10)
 H - a wand of flame (57)
 K - a wand of iceblast (7)
 O - a wand of acid (2)
Scrolls
 g - a scroll of teleportation
 j - 2 scrolls of magic mapping
 r - 7 scrolls of identify
 D - 2 scrolls of fog
 M - 2 scrolls of silence
Potions
 h - a potion of degeneration
 p - 7 potions of attraction
 z - 2 potions of brilliance
 B - 2 potions of magic
 E - a potion of cancellation


   Skills:
 + Level 9.0 Fighting
 + Level 12.6 Short Blades
 + Level 2.7 Throwing
 + Level 3.8 Armour
 + Level 11.6 Dodging
 + Level 19.8 Stealth
 + Level 7.3 Shields
 + Level 6.3 Spellcasting
 + Level 0.2 Conjurations
 + Level 6.2 Necromancy
 + Level 0.2 Air Magic
 + Level 0.1 Poison Magic
 * Level 3.5 Invocations
 + Level 1.0 Evocations


You had 21 spell levels left.
You knew the following spells:

 Your Spells              Type           Power      Damage    Failure   Level
a - Animate Skeleton      Necr           42%        N/A       1%          1
b - Mephitic Cloud        Conj/Pois/Air  5%         N/A       38%         3

Your spell library contained the following spells:

 Spells                   Type           Power      Damage    Failure   Level
 Pain                     Necr           84%        1d8       1%          1
 Vampiric Draining        Necr           10%        2d7       3%          3
 Magic Dart               Conj           20%        1d4       14%         1
 Sting                    Tmut/Pois      16%        1d3       16%         1
 Call Imp                 Summ           4%         N/A       22%         2
 Poisonous Vapours        Pois/Air       8%         N/A       22%         2
 Ignite Poison            Fire/Tmut/Pois 4%         N/A       41%         3
 Tukima's Dance           Hex            4%         N/A       41%         3
 Olgreb's Toxic Radiance  Pois           4%         N/A       82%         4
 Cause Fear               Hex            2%         N/A       83%         4
 Passage of Golubria      Tloc           N/A        N/A       83%         4
 Bolt of Magma            Conj/Fire/Erth 2%         4d4       99%         5
 Yara's Violent Unravell  Hex/Tmut       2%         3d3       99%         5
 Dragon Form              Tmut           2%         N/A       100%        7
 Dragon's Call            Summ           2%         N/A       100%        9


Dungeon Overview and Level Annotations

Branches:
Dungeon (14/15)            Temple (1/1) D:4            Lair (6/6) D:10
  Swamp (1/4) Lair:2        Snake (1/4) Lair:3        Slime (0/5) Lair:6
    Orc (2/2) D:12            Elf (0/3) Orc:2
 Vaults: D:13-14

Altars:
Ashenzari
Cheibriados
Dithmenos
Elyvilon
Gozag
Hepliaklqana
Kikubaaqudgha
Makhleb
Nemelex Xobeh
Okawaru
Qazlal
Sif Muna
Trog
Uskayaw
Vehumet
Wu Jian
Yredelemnul
Zin
The Shining One
Beogh
Jiyva

Portals:
Trove: D:14 (give 13 scrolls of teleportation)

Annotations:
D:4 1 runed translucent door, Asparus's ghost, amateur DjNe
D:7 3 runed translucent doors, wakim's ghost, novice TrFi
D:9 exclusion: obsidian statue
Orc:2 Nergalle; Saint Roka; Urug


Innate Abilities, Weirdness & Mutations

Your natural rate of healing is accelerated.
You have razor-sharp teeth.
You have supernaturally acute eyesight. (SInv)
You are afflicted with vampirism and can become a bat while bloodless.
Your flesh is cold resistant. (rC+)
Your system is resistant to poisons. (rPois)


Message History

The six-headed hydra closely misses you.
The six-headed hydra misses you. x3; The six-headed hydra bites you.
The bog body points at you and mumbles some strange words.
The bolt of cold misses you. The goliath frog misses you.
The six-headed hydra closely misses you.
The six-headed hydra barely misses you.
The six-headed hydra closely misses you.
The six-headed hydra barely misses you.
You block the six-headed hydra's attack.
The six-headed hydra barely misses you. The bog body casts a spell at you.
You easily resist.
A spriggan rider comes into view. It is wielding a +0 spear.
You block the six-headed hydra's attack.
The six-headed hydra misses you.
The six-headed hydra bites you but does no damage.
The six-headed hydra bites you.
The six-headed hydra completely misses you.
The six-headed hydra barely misses you. You block the goliath frog's attack.
The six-headed hydra bites you.
* * * LOW HITPOINT WARNING * * *
The six-headed hydra completely misses you.
The six-headed hydra closely misses you.
The six-headed hydra bites you but does no damage. x3
The goliath frog hits you from afar.
* * * LOW HITPOINT WARNING * * *
You are splashed with acid.
* * * LOW HITPOINT WARNING * * *
The goliath frog misses you.
Aiming: Corrosive Bolt
Press: ? - help, Shift-Dir - straight line, f - six-headed hydra
Aim: a six-headed hydra (black smoke, heavily wounded, umbra, 90% to hit)
The bolt of acid hits the six-headed hydra!
The six-headed hydra is splashed with acid.
The acid corrodes the six-headed hydra!
The six-headed hydra is severely wounded.
The bog body touches you!
* * * LOW HITPOINT WARNING * * *
The bog body freezes you! You resist.
You die...

♣♣♣♣♣♣♣♣
♣♣.≈≈.♣≈♣♣♣♣♣
♣≈≈≈≈.≈.≈....
♣♣≈≈≈≈<....≈≈
♣.≈≈§≈≈≈.≈≈≈
♣.≈§§§§≈≈≈≈≈
♣@D§§§§≈≈≈≈≈
♣♣n§§§§≈≈≈≈≈
♣iF§≈≈≈≈.♣.
♣§§§≈≈≈≈..
♣♣§..≈≈≈..
♣♣♣♣≈.......
♣♣♣.≈≈...≈≈≈..
♣..≈≈≈i..≈≈≈≈≈
♣.≈≈≈≈≈(..≈≈≈≈


You could see a six-headed hydra (corroded), a spriggan rider, a goliath frog
and a bog body.

Vanquished Creatures
  An orc warlord (Orc:1)
  Nessos (D:14)
  Harold (Lair:1)
  A naga warrior (Snake:1)
  A boulder beetle (D:12)
  11 hydras
  4 two-headed ogres
  A centaur warrior (D:13)
  A tengu warrior (D:13)
  An orc high priest (Orc:1)
  A deep elf knight (D:13)
  2 necromancers (D:10)
  2 deep elf pyromancers
  An orc knight (Orc:2)
  A wolf spider (Lair:6)
  3 cyclopes
  An orc sorcerer (Orc:2)
  7 centaur zombies
  A will-o-the-wisp (Swamp:1)
  A torpor snail (Lair:4)
  Maurice (D:12)
  A guardian serpent (Lair:6)
  14 black mambas
  14 cane toads
  5 gargoyles
  8 centaur skeletons (D:10)
  Maggie (D:7)
  4 kobold demonologists
  10 komodo dragons
  2 rime drakes
  A tengu conjurer (D:13)
  3 trolls
  2 hornets (Lair:6)
  A tyrant leech (Swamp:1)
  A polar bear (Lair:5)
  16 blink frogs
  9 dream sheep
  4 flying skulls (D:10)
  7 shadows
  2 redbacks (Lair:6)
  4 wraiths
  16 wyverns
  25 yaks
  4 basilisks
  2 steam dragons
  Edmund (D:6)
  10 vampire mosquitoes
  A swamp worm (Lair:2)
  4 nagas (Lair:3)
  2 wargs (Orc:1)
  23 water moccasins
  An ice beast (D:5)
  12 orc warriors
  4 black bears
  A hornet zombie (D:8)
  A sky beast (D:7)
  A necrophage (D:5)
  10 ogres
  6 centaurs
  19 wolves
  8 kobold brigands
  2 gnoll sergeants (D:12)
  7 bullfrogs
  6 scorpions
  A wyvern skeleton (D:4)
  A water moccasin skeleton (D:5)
  7 wights
  3 electric eels
  A bullfrog zombie (D:6)
  12 orc priests
  A gnoll shaman (D:10)
  A jelly (D:5)
  4 iguanas
  15 orc wizards
  A mummy (D:7)
  2 howler monkey zombies (D:10)
  13 gnolls
  A howler monkey skeleton (D:10)
  14 adders
  3 white imps
  2 ufetubi (D:5)
  An adder skeleton (D:4)
  3 worms (D:3)
  A dart slug (D:3)
  66 orcs
  5 ball pythons
  4 bats
  10 endoplasms
  4 giant cockroaches
  6 goblins
  8 hobgoblins
  2 quokkas
  4 frilled lizards
  13 kobolds
  6 rats
534 creatures vanquished.

Vanquished Creatures (collateral kills)
  2 bog bodies (Lair:2)
  A basilisk (D:12)
  A vampire mosquito (D:12)
  A swamp worm (Lair:2)
  A wyvern zombie (D:6)
  A gnoll (D:10)
7 creatures vanquished.

Vanquished Creatures (others)
  2 foxfires (Swamp:1)
  12 fungi
  34 plants
48 creatures vanquished.

Grand Total: 589 creatures vanquished

Notes
Turn   | Place    | Note
-------+----------+-------------------------------------------
     0 | D:1      | kobby the Vampire Brigand began the quest for the Orb.
     0 | D:1      | Reached XP level 1. HP: 16/16 MP: 1/1
   115 | D:1      | Reached skill level 6 in Stealth
   160 | D:1      | Reached XP level 2. HP: 11/22 MP: 2/2
   501 | D:1      | Gained mutation: You are afflicted with vampirism and can
                  | become a bat while bloodless. [Vampire growth]
   501 | D:1      | Reached XP level 3. HP: 27/27 MP: 3/3
  1494 | D:3      | Noticed an ogre
  1497 | D:3      | Killed an ogre
  1498 | D:3      | Reached skill level 7 in Stealth
  1498 | D:3      | Reached XP level 4. HP: 33/33 MP: 4/4
  1498 | D:3      | Reached XP level 5. HP: 38/38 MP: 5/5
  2043 | D:3      | Reached skill level 8 in Stealth
  2587 | D:4      | Found a runed translucent door.
  2587 | D:4      | Noticed Asparus's ghost (amateur DjNe)
  2616 | D:4      | Found a staircase to the Ecumenical Temple.
  2628 | D:4      | Reached XP level 6. HP: 26/44 MP: 6/6
  2694 | Temple   | Entered the Ecumenical Temple
  2758 | Temple   | Became a worshipper of Dithmenos the Shadowed
  2904 | D:4      | Identified the ring "Xaalibeu" {Fly rPois Str+6 Dex+4}
  3218 | D:4      | Reached skill level 5 in Short Blades
  3288 | D:4      | Reached skill level 9 in Stealth
  3361 | D:4      | Reached XP level 7. HP: 51/51 MP: 7/7
  3465 | D:4      | Gained mutation: You expend magic power (3 MP) to
                  | strengthen your wands. [potion of mutation]
  3465 | D:4      | Gained mutation: Your spells are a little harder to cast,
                  | but a little more powerful. [potion of mutation]
  3465 | D:4      | Gained mutation: You are somewhat resistant to further
                  | mutation. [potion of mutation]
  3466 | D:4      | Lost mutation: You expend magic power (3 MP) to strengthen
                  | your wands. [potion of mutation]
  3466 | D:4      | Lost mutation: You are somewhat resistant to further
                  | mutation. [potion of mutation]
  3466 | D:4      | Gained mutation: You are weak. (Str -2) [potion of
                  | mutation]
  3466 | D:4      | Gained mutation: You have sharp toenails. [potion of
                  | mutation]
  3466 | D:4      | Gained mutation: You passively map a small area around you.
                  | [potion of mutation]
  3509 | D:5      | Entered Level 5 of the Dungeon
  3648 | D:5      | Learned a level 1 spell: Animate Skeleton
  3835 | D:5      | Reached * piety under Dithmenos
  3836 | D:5      | Reached skill level 10 in Stealth
  3930 | D:5      | Reached skill level 1 in Shields
  3930 | D:5      | Reached XP level 8. HP: 50/58 MP: 8/8
  4280 | D:5      | Reached skill level 11 in Stealth
  4448 | D:6      | Reached skill level 1 in Necromancy
  4540 | D:6      | Reached skill level 1 in Spellcasting
  4724 | D:6      | Noticed Edmund
  4730 | D:6      | Killed Edmund
  4731 | D:6      | Reached XP level 9. HP: 64/64 MP: 11/11
  4771 | D:6      | Reached skill level 12 in Stealth
  4778 | D:6      | Reached ** piety under Dithmenos
  5282 | D:7      | Noticed Maggie
  5288 | D:7      | Killed Maggie
  5585 | D:7      | Found a runed translucent gate.
  5585 | D:7      | Found a runed translucent gate.
  5591 | D:7      | Found a runed translucent gate.
  5597 | D:7      | Noticed wakim's ghost (novice TrFi)
  5658 | D:7      | Found a snail-covered altar of Cheibriados.
  6057 | D:8      | Reached skill level 13 in Stealth
  6705 | D:8      | Reached skill level 14 in Stealth
  6705 | D:8      | Reached XP level 10. HP: 61/72 MP: 14/14
  6723 | D:8      | Reached *** piety under Dithmenos
  6836 | D:8      | Found a broken altar of Ashenzari.
  7362 | D:9      | Noticed an obsidian statue
  7397 | D:9      | Found a radiant altar of Vehumet.
  7466 | D:9      | Reached skill level 5 in Dodging
  7797 | D:9      | You are sucked into a shaft and drop 2 floors!
  7798 | D:11     | Noticed a two-headed ogre
  7800 | D:11     | Killed a two-headed ogre
  7822 | D:11     | Noticed a cyclops
  7828 | D:11     | Killed a cyclops
  7829 | D:11     | Reached skill level 5 in Fighting
  7829 | D:11     | Reached skill level 15 in Stealth
  7850 | D:11     | Noticed a gargoyle
  8060 | D:11     | Noticed a four-headed hydra
  8063 | D:11     | Killed a four-headed hydra
  8105 | D:11     | Reached XP level 11. HP: 79/79 MP: 17/17
  8362 | D:11     | Lost mutation: You passively map a small area around you.
                  | [potion of mutation]
  8362 | D:11     | Lost mutation: You have sharp toenails. [potion of
                  | mutation]
  8362 | D:11     | Lost mutation: Your spells are a little harder to cast, but
                  | a little more powerful. [potion of mutation]
  8362 | D:11     | Lost mutation: You are weak. (Str -2) [potion of mutation]
  8362 | D:11     | Gained mutation: Your system is resistant to poisons.
                  | (rPois) [potion of mutation]
  8362 | D:11     | Gained mutation: Your flesh is cold resistant. (rC+)
                  | [potion of mutation]
  8663 | D:12     | Noticed a boulder beetle
  8665 | D:12     | Killed a boulder beetle
  8759 | D:12     | Noticed a deep elf pyromancer
  8760 | D:12     | Noticed a four-headed hydra
  8780 | D:12     | Noticed a seven-headed hydra
  8803 | D:12     | HP: 4/80 [gargoyle/stone arrow (26)]
  8927 | D:12     | Reached skill level 16 in Stealth
  9276 | D:13     | Noticed a centaur warrior
  9278 | D:13     | Noticed a tengu warrior
  9278 | D:13     | Noticed a two-headed ogre
  9308 | D:12     | Killed a two-headed ogre
  9832 | D:13     | Killed a centaur warrior
  9833 | D:13     | Reached skill level 10 in Short Blades
  9899 | D:12     | Killed a deep elf pyromancer
 10054 | D:12     | Noticed Maurice
 10077 | D:12     | Killed Maurice
 10392 | D:10     | Entered Level 10 of the Dungeon
 10429 | D:10     | Noticed a two-headed ogre
 10509 | D:10     | Killed a two-headed ogre
 10510 | D:10     | Reached skill level 5 in Necromancy
 10585 | D:10     | Found a sparkling altar of Nemelex Xobeh.
 10599 | D:10     | Found an iron altar of Okawaru.
 10673 | D:10     | Reached **** piety under Dithmenos
 10699 | D:10     | Noticed a death yak
 10703 | D:10     | Noticed a death yak
 10703 | D:10     | Noticed a death yak
 10742 | D:10     | Reached XP level 12. HP: 63/88 MP: 19/19
 11194 | D:10     | Reached ***** piety under Dithmenos
 11328 | D:10     | Found a staircase to the Lair.
 11336 | Lair:1   | Entered Level 1 of the Lair of Beasts
 11500 | Lair:1   | Reached skill level 5 in Shields
 11969 | Lair:1   | Noticed Harold
 11976 | Lair:1   | Killed Harold
 11977 | Lair:1   | Reached skill level 5 in Spellcasting
 12217 | Lair:1   | Noticed a four-headed hydra
 12221 | Lair:1   | Killed a four-headed hydra
 12222 | Lair:1   | Reached skill level 1 in Armour
 12528 | Lair:2   | Reached skill level 17 in Stealth
 12552 | Lair:2   | Found a staircase to the Swamp.
 12704 | Lair:2   | Noticed a four-headed hydra
 12912 | Lair:2   | Killed a four-headed hydra
 13498 | Lair:3   | Noticed an eight-headed hydra
 13505 | Lair:3   | Killed an eight-headed hydra
 13506 | Lair:3   | Reached skill level 10 in Dodging
 13506 | Lair:3   | Reached XP level 13. HP: 96/96 MP: 20/20
 13644 | Lair:3   | Found a staircase to the Snake Pit.
 14786 | Lair:4   | Reached skill level 18 in Stealth
 15228 | Lair:4   | Learned a level 3 spell: Mephitic Cloud
 16483 | Lair:6   | Entered Level 6 of the Lair of Beasts
 16738 | Lair:6   | Reached ****** piety under Dithmenos
 16876 | Lair:6   | Found a viscous altar of Jiyva.
 16920 | Lair:6   | Reached XP level 14. HP: 105/105 MP: 23/23
 17022 | Lair:6   | Reached skill level 19 in Stealth
 17393 | Lair:6   | Found a staircase to the Slime Pits.
 18030 | Snake:1  | Entered Level 1 of the Snake Pit
 18039 | Snake:1  | Reached skill level 1 in Invocations
 18462 | D:12     | Found a staircase to the Orcish Mines.
 18554 | Orc:1    | Entered Level 1 of the Orcish Mines
 18556 | Orc:1    | Noticed an orc warlord
 18560 | Orc:1    | Killed an orc warlord
 19000 | Orc:2    | Entered Level 2 of the Orcish Mines
 19047 | Orc:2    | Found a staircase to the Elven Halls.
 19156 | Orc:2    | Noticed Nergalle
 19345 | Orc:2    | Noticed Urug
 19347 | Orc:2    | Noticed Saint Roka
 19492 | D:13     | HP: 3/106 [yaktaur/bolt (24)]
 19638 | D:14     | Identified the +5 chain mail of Vexation {rC+}
 19795 | D:14     | Found a portal to a secret trove of treasure.
 19826 | D:14     | Noticed Nessos
 19833 | D:14     | Killed Nessos
 19970 | D:13     | Identified the +1 plate armour of Impressiveness {rF++
                  | Str+3}
 20582 | Swamp:1  | Entered Level 1 of the Swamp
 20647 | Swamp:1  | Reached skill level 1 in Evocations
 20660 | Swamp:1  | Slain by a bog body

Illustrated notes

Levels and vault maps discovered:
D:1:      dpeg_arrival_chambers_temple_mockup, layout_basic
D:2:      layout_loops_cross, grunt_ministairs_11, minmay_misc_feat_hallway,
          st_stairs_2, chequers_serial_rivers_small_3,
          chequers_serial_rivers_small_b
D:3:      minmay_bubble_buster, layout_basic
D:4:      layout_basic, temple_green, hellmonk_ghost_happy_afterlife
D:5:      layout_basic
D:6:      layout_basic, uniq_edmund
D:7:      layout_basic, chei_slow_surprise, biasface_ghost_orc_armoury,
          uniq_maggie
D:8:      layout_loops_ring, cheibrodos_ashenzari_chains, supply_closet_lemuel,
          chequers_serial_rivers_marsh
D:9:      layout_roguey, nicolae_tso_carved_into_rock,
          mainiacjoe_overflow_concentric_impassable, minivault_16,
          chequers_arboretum
D:10:     hangedman_screamer, layout_basic, nicolae_overflow_quartered_altars,
          dpeg_lair_monsters, uniq_fannar
D:11:     layout_basic
D:12:     layout_loops_cross, kennysheep_orc_monster_closet_entryway,
          uniq_maurice
D:13:     minmay_the_grid_triangle_9x9_rhombus_thin_mashed
          [minmay_the_grid_triangle_9x9_negative_grid,
          minmay_the_grid_triangle_9x9_prize_top_heavy,
          minmay_the_grid_triangle_9x9_intruding_spiral,
          minmay_the_grid_triangle_9x9_impossible_snake], layout_loops_ring
D:14:     layout_big_octagon, hangedman_vaults_entry_quadrant_bands,
          nrook_mini_backslash, nicolae_trove_entry_crossroad, serial_shops,
          nicolae_shop_overgrown_old_shop, shop, uniq_nessos
Temple:   eino_temple_water
Lair:1:   layout_hall_layers, uniq_harold
Lair:2:   layout_roguey, nicolae_swamp_entry_splash_gauntlet
Lair:3:   layout_cave_pods, minmay_snake_entry_guardpost_small, minmay_holes,
          serial_bayou_shore_b
Lair:4:   layout_loops_ring, serial_bayou_shore_a
Lair:5:   layout_hall_layers, minmay_hedge_maze
Lair:6:   hangedman_lair_tendril_chambers, layout_hall_layers, slime_altar_1,
          serial_bayou_shore_b, lemuel_fruit_tree
Swamp:1:  layout_basic_swamp, evilmike_swamp_ruin_house_4
Snake:1:  layout_basic, serial_bayou_shore_b, uniq_rupert, uniq_kirke
Orc:1:    layout_caves, kennysheep_orc_chapel
Orc:2:    grunt_orc_cross, layout_diamond_mine, mines2_lemuel

Skill      XL: |  1  2  3  4  5  6  7  8  9 10 11 12 13 14 |
---------------+-------------------------------------------+-----
Stealth        | 6 7 8 9 10 11 14 15 16 17 18 19 | 19.8
Short Blades   | 4 5 6 7 8 9 10 11 12 | 12.6
Fighting       | 2 3 4 5 6 7 8 9 |  9.0
Dodging        | 2 3 4 6 8 10 11 | 11.6
Throwing       | 2 |  2.7
Shields        | 1 2 4 5 6 7 |  7.3
Necromancy     | 2 3 4 5 6 |  6.2
Spellcasting   | 1 3 4 5 6 |  6.3
Armour         | 1 3 |  3.8
Invocations    | 3 |  3.5
Evocations     | 1 |  1.0
Conjurations   | |  0.2
Air Magic      | |  0.2
Poison Magic   | |  0.1

Action                   |  1- 3 |  4- 6 |  7- 9 | 10-12 | 13-15 || total
-------------------------+-------+-------+-------+-------+-------++-------
Melee: Dagger            |    86 |     2 |       |       |       ||    88
       Bite              |     5 |    12 |    31 |   214 |   225 ||   487
       Short sword       |       |   104 |   236 |  1025 |  1172 ||  2537
       Kick              |       |       |    95 |    90 |       ||   185
Throw: Dart              |     2 |       |    16 |       |       ||    18
 Cast: Animate Skeleton  |       |       |    19 |    33 |    16 ||    68
       Mephitic Cloud    |       |       |       |       |     4 ||     4
Invok: Shadow Step       |       |       |       |     1 |       ||     1
Evoke: Wand              |       |       |       |     2 |    17 ||    19
  Use: Scroll            |     3 |     3 |     4 |    14 |     9 ||    33
       Potion            |       |     5 |     4 |    11 |     6 ||    26
 Stab: Sleeping          |     8 |    14 |    29 |    43 |    63 ||   157
       Distracted        |     1 |     1 |     1 |     1 |     5 ||     9
       Confused          |       |       |       |       |     2 ||     2
Armor: Robe              |    15 |    14 |     7 |       |       ||    36
       Steam dragon scal |       |       |     8 |   144 |    15 ||   167
       Acid dragon scale |       |       |     2 |       |       ||     2
       Troll leather arm |       |       |       |     8 |    82 ||    90
Dodge: Dodged            |    45 |    61 |    94 |   639 |   832 ||  1671
Block: Other             |       |     8 |    32 |   203 |   198 ||   441
       Reflection        |       |       |       |     5 |     3 ||     8
